 Dungeon Crawl Stone Soup version 0.30.1-10-g1249ef9ec4 (webtiles) character file.

Game seed: 628108197603571115

44 lonewolfV2 the Covered (level 3, -2/29 HPs)
             Began as a Demonspawn Fighter on Oct 26, 2023.
             Slain by a gnoll
             ... wielding a +0 whip
              (7 damage)
             ... on level 3 of the Dungeon.
             The game lasted 00:01:33 (1436 turns).

lonewolfV2 the Covered (Demonspawn Fighter)         Turns: 1436, Time: 00:01:34

Health: -2/29      AC:  6    Str: 16    XL:     3   Next: 41%
Magic:  3/3        EV:  9    Int:  9    God:
Gold:   39         SH:  4    Dex: 14    Spells: 2/2 levels left

rFire   . . .        a - +0 war axe
rCold   . . .        c - +0 buckler
rNeg    . . .        b - +0 scale mail
rPois   .            (no helmet)
rElec   .            (no cloak)
rCorr   .            (no gloves)
SInv    .            (no boots)
Will    .....        (no amulet) Stlth
                     (no ring)
HPRegen 0.24/turn    (no ring)
MPRegen 0.08/turn

%: no passive effects
@: no status effects
A: spiny 1, demonic magic 1
a: no special abilities


You were on level 3 of the Dungeon.
You visited 1 branch of the dungeon, and saw 3 of its levels.

You collected 39 gold pieces.

Inventory:

Hand Weapons
 a - a +0 war axe (weapon)
Armour
 b - a +0 scale mail (worn)
 c - a +0 buckler (worn)
Jewellery
 j - the amulet "Muothry" {Reflect Harm rElec Int-5 SH+5 SInv}
   (You found it on level 3 of the Dungeon)

   [amulet of reflection]

   It reflects blocked missile attacks.
   Int:       It affects your intelligence (-5).
   rElec:     It insulates you from electricity.
   SInv:      It lets you see invisible.
   SH:        It affects your SH (+5).
   Harm:      It increases damage dealt and taken.
Scrolls
 d - a scroll of magic mapping {unknown}
 e - 2 scrolls of identify
 f - a scroll of amnesia {unknown}
 g - a scroll of vulnerability {unknown}
Potions
 h - a potion of cancellation
 i - 2 potions of curing


   Skills:
 - Level 3.0 Fighting
 - Level 1.7 Axes
 + Level 3.2 Armour
 * Level 2.2 Dodging
 - Level 2.6 Shields


You had 2 spell levels left.
You didn't know any spells.
Your spell library contained the following spells:

 Spells                   Type           Power      Damage    Failure   Level
 Necrotise                Necr           0%         1d4       88%         1
 Vampiric Draining        Necr           0%         2d6       99%         3
 Agony                    Necr           0%         N/A       100%        5


Dungeon Overview and Level Annotations

Branches:
Dungeon (3/15)

Altars:


Innate Abilities, Weirdness & Mutations

You are partially covered in sharp spines.
Spells you cast may paralyse adjacent enemies.


Message History

The endoplasm freezes you.
You are frozen.
The rat is struck by your spines.
You kill the rat!
The endoplasm is struck by your spines. The endoplasm barely misses you.
The endoplasm freezes you.
You are frozen.
The endoplasm is struck by your spines.
You kill the endoplasm!
There is an open door here.
You now have 39 gold pieces (gained 4).
Found 2 stones.
You see here 2 stones.
i - 2 potions of curing (gained 1)
j - the amulet "Muothry" {Reflect Harm rElec Int-5 SH+5 SInv}
Found a flail.
A gnoll comes into view. It is wielding a +0 spear.
The gnoll shouts!
A gnoll is nearby!
A gnoll comes into view. It is wielding a +0 flail.
There are monsters nearby!
The gnoll shouts!
There are monsters nearby!
A gnoll comes into view. It is wielding a +0 whip.
The gnoll hits you from afar with a +0 spear.
The gnoll is struck by your spines. The gnoll hits you with a +0 spear.
The gnoll is struck by your spines. The gnoll hits you with a +0 spear.
The gnoll is struck by your spines. The gnoll closely misses you.
The gnoll hits you with a +0 spear. The gnoll is struck by your spines.
The gnoll hits you with a +0 spear. The gnoll hits you but does no damage.
A giant cockroach comes into view.
The gnoll is struck by your spines. The gnoll hits you with a +0 spear.
The gnoll is struck by your spines. The gnoll hits you with a +0 whip.
* * * LOW HITPOINT WARNING * * *
The gnoll hits you with a +0 flail.
* * * LOW HITPOINT WARNING * * *
The gnoll is struck by your spines.
You kill the gnoll!
The gnoll hits you with a +0 whip!
You die...

#### # #..
....###g###
...B..g@..#
#######)#.#
#.#.# #.#.#
#.#.# #.#.#
#.#.# #.#.#
### #.#


You could see 2 gnolls and a giant cockroach.

Vanquished Creatures
  Natasha (D:2)
  A gnoll (D:3)
  2 endoplasms
  3 giant cockroaches (D:1)
  A goblin (D:1)
  A hobgoblin (D:1)
  2 kobolds
  A quokka (D:1)
  3 ball pythons
  3 frilled lizards
  2 rats (D:3)
20 creatures vanquished.

Notes
Turn   | Place    | Note
-------+----------+-------------------------------------------
     0 | D:1      | lonewolfV2 the Demonspawn Fighter began the quest for the
                  | Orb.
     0 | D:1      | Reached XP level 1. HP: 18/18 MP: 1/1
   335 | D:1      | Reached skill level 1 in Dodging
   386 | D:1      | Gained mutation: You are partially covered in sharp spines.
                  | [demonic ancestry]
   386 | D:1      | Reached XP level 2. HP: 24/24 MP: 2/2
   494 | D:1      | Found a faded altar of an unknown god.
   851 | D:2      | Noticed Natasha
   860 | D:2      | Killed Natasha
   861 | D:2      | Gained mutation: Spells you cast may paralyse adjacent
                  | enemies. [demonic ancestry]
   861 | D:2      | Reached XP level 3. HP: 9/29 MP: 3/3
  1348 | D:3      | Identified the amulet "Muothry" {Reflect Harm rElec Int-5
                  | SH+5 SInv}
  1436 | D:3      | Slain by a gnoll

Illustrated notes

Levels and vault maps discovered:
D:1:      lightli_arrival_quake, layout_loops_ring,
          shapermc_ecumenical_altar_mp_vishouse
D:2:      layout_basic, serial_shops, nicolae_shop_tiny_real_fake_doors,
          nicolae_shop_window_shopping, shop, uniq_natasha
D:3:      layout_loops_ring, kennysheep_nub, minmay_pentangle

Skill      XL: |  1  2 |
---------------+-------+-----
Dodging        | 1 2 |  2.2
Armour         | 3 |  3.2
Fighting       | |  3.0
Axes           | |  1.7
Shields        | |  2.6

Action                     || total
---------------------------++-------
  Melee: War axe           ||    37
    Use: Scroll            ||     4
         Potion            ||     1
 Armour: Scale mail        ||    19
  Dodge: Dodged            ||    20
  Block: Buckler           ||    12
